BSA
KANSAS CITY KINGS @ KALAMAZOO ROYALE WITH CHEESE
06/11/2026
 
TOP OF THE 1ST
Kansas City Kings batting - Pitching for Kalamazoo Royale with Cheese : RHP José Salazar
Pitching: RHP José Salazar
Batting: LHB Brian Boone 0-0: Ball
1-0: Called Strike
1-1: Ball
2-1: Ball
3-1: Foul Ball, location: 2F
3-2: Ground out 4-3 (Groundball, 4)
Batting: LHB Ray Spencer 0-0: Fly out, F7 (Popup, 7LS)
Batting: RHB Toshimichi Kono 0-0: Ground out 6-3 (Groundball, 6M)
Top of the 1st over - 0 run(s), 0 hit(s), 0 error(s), 0 left on base; Kansas City 0 - Kalamazoo 0
BOTTOM OF THE 1ST
Kalamazoo Royale with Cheese batting - Pitching for Kansas City Kings : RHP Carlos Pacheco
Pitching: RHP Carlos Pacheco
Batting: RHB Fernando Martínez 0-0: Ball
1-0: Foul Ball, location: 2F
1-1: Swinging Strike
1-2: Strikes out looking
Batting: LHB Robinson Fernández 0-0: Ball
1-0: Called Strike
1-1: Swinging Strike
1-2: Ball
2-2: Fly out, F8 (Flyball, 89XD)
Batting: LHB William Ruffo 0-0: Ball
1-0: Ground out 3-1 (Groundball, 3)
Bottom of the 1st over - 0 run(s), 0 hit(s), 0 error(s), 0 left on base; Kansas City 0 - Kalamazoo 0
TOP OF THE 2ND
Kansas City Kings batting - Pitching for Kalamazoo Royale with Cheese : RHP José Salazar
Batting: LHB Pablo Reyes 0-0: Ball
1-0: Called Strike
1-1: Ball
2-1: SINGLE (Groundball, 6MD)
Batting: RHB Chris Chandler 0-0: Called Strike
0-1: Ball
1-1: Called Strike
1-2: Strikes out swinging
Batting: SHB Víctor Serrano 0-0: Ball
1-0: 2-RUN HOME RUN (Flyball, 89XD), Distance : 434 ft
Batting: LHB Ethan Marshall 0-0: Ball
1-0: Called Strike
1-1: Ball
2-1: Foul Ball, location: 2F
2-2: Ball
3-2: Fly out, F7 (Flyball, 78M)
Batting: RHB Dave Parker 0-0: Ball
1-0: Ball
2-0: Foul Ball, location: 2F
2-1: Foul Ball, location: 2F
2-2: Foul Ball, location: 2F
2-2: Ball
3-2: Ground out 5-3 (Groundball, 56)
Top of the 2nd over - 2 run(s), 2 hit(s), 0 error(s), 0 left on base; Kansas City 2 - Kalamazoo 0
BOTTOM OF THE 2ND
Kalamazoo Royale with Cheese batting - Pitching for Kansas City Kings : RHP Carlos Pacheco
Batting: LHB Seung-woo Yi 0-0: Called Strike
0-1: Ball
1-1: SINGLE (Groundball, 6MD)
Batting: RHB Run-ming Zhu 0-0: Ball
1-0: Called Strike
1-1: Foul Ball, location: 2F
1-2: Foul Ball, location: 2F
1-2: Fly out, F9 (Line Drive, 9LM)
Batting: LHB Roberto Sandoval 0-0: Called Strike
0-1: Ball
1-1: Called Strike
1-2: Fly out, F4 (Line Drive, 4)
Batting: RHB Jorge Márquez 0-0: Ground out 6-3 (Groundball, 6)
Bottom of the 2nd over - 0 run(s), 1 hit(s), 0 error(s), 1 left on base; Kansas City 2 - Kalamazoo 0
TOP OF THE 3RD
Kansas City Kings batting - Pitching for Kalamazoo Royale with Cheese : RHP José Salazar
Batting: RHB Matt Richards 0-0: Called Strike
0-1: Ball
1-1: Called Strike
1-2: Ball
2-2: Foul Ball, location: 2F
2-2: Ground out 5-3 (Groundball, 5)
Batting: LHB Brian Boone 0-0: Ground out 4-3 (Groundball, 4)
Batting: LHB Ray Spencer 0-0: Called Strike
0-1: Swinging Strike
0-2: Ball
1-2: Fly out, F7 (Flyball, 7M)
Top of the 3rd over - 0 run(s), 0 hit(s), 0 error(s), 0 left on base; Kansas City 2 - Kalamazoo 0
BOTTOM OF THE 3RD
Kalamazoo Royale with Cheese batting - Pitching for Kansas City Kings : RHP Carlos Pacheco
Batting: LHB Bill McJannett 0-0: Swinging Strike
0-1: Ground out 1-3 (Groundball, 25)
Batting: RHB Jonathan MacVey 0-0: Foul Ball, location: 2F
0-1: Foul Ball, location: 2F
0-2: Ball
1-2: Strikes out swinging
Batting: RHB Fernando Martínez 0-0: Fly out, F7 (Flyball, 7M)
Bottom of the 3rd over - 0 run(s), 0 hit(s), 0 error(s), 0 left on base; Kansas City 2 - Kalamazoo 0
TOP OF THE 4TH
Kansas City Kings batting - Pitching for Kalamazoo Royale with Cheese : RHP José Salazar
Batting: RHB Toshimichi Kono 0-0: Swinging Strike
0-1: Ball
1-1: Ball
2-1: Ball
3-1: Foul Ball, location: 2F
3-2: Foul Ball, location: 2F
3-2: SINGLE (Line Drive, 9S)
Batting: LHB Pablo Reyes 0-0: Fly out, F8 (Flyball, 8LD)
Batting: RHB Chris Chandler 0-0: Ball
1-0: SINGLE (Groundball, 23) (infield hit)
Toshimichi Kono to second
Batting: SHB Víctor Serrano 0-0: Called Strike
0-1: Ball
1-1: Ball
2-1: Fly out, F8 (Flyball, 8LD)
Batting: LHB Ethan Marshall 0-0: Called Strike
0-1: Ball
1-1: Fly out, F6 (Popup, 7LS)
Top of the 4th over - 0 run(s), 2 hit(s), 0 error(s), 2 left on base; Kansas City 2 - Kalamazoo 0
BOTTOM OF THE 4TH
Kalamazoo Royale with Cheese batting - Pitching for Kansas City Kings : RHP Carlos Pacheco
Batting: LHB Robinson Fernández 0-0: Ball
1-0: Foul Ball, location: 2F
1-1: Ball
2-1: SINGLE (Line Drive, 4D)
Batting: LHB William Ruffo 0-0: Ball
1-0: Swinging Strike
1-1: Reached on error, E3 (Groundball, 3)
Robinson Fernández to second
Batting: LHB Seung-woo Yi 0-0: Foul Ball, location: 2F
0-1: Ball
1-1: Ball
2-1: Ball
3-1: Called Strike
3-2: Foul Ball, location: 2F
3-2: Fly out, F5 (Line Drive, 5)
Batting: RHB Run-ming Zhu 0-0: Ball
1-0: Ball
2-0: Swinging Strike
2-1: Called Strike
2-2: Foul Ball, location: 2F
2-2: Ball
3-2: Fly out, F9 (Flyball, 89S)
Batting: LHB Roberto Sandoval 0-0: Called Strike
0-1: Ball
1-1: Ground out U3 (Groundball, 3)
Bottom of the 4th over - 0 run(s), 1 hit(s), 1 error(s), 2 left on base; Kansas City 2 - Kalamazoo 0
TOP OF THE 5TH
Kansas City Kings batting - Pitching for Kalamazoo Royale with Cheese : RHP José Salazar
Batting: RHB Dave Parker 0-0: Called Strike
0-1: Ground out 5-3 (Groundball, 5S)
Batting: RHB Matt Richards 0-0: Called Strike
0-1: Fly out, F7 (Flyball, 7M)
Batting: LHB Brian Boone 0-0: Ball
1-0: Ball
2-0: Called Strike
2-1: Swinging Strike
2-2: SINGLE (Line Drive, 7LS)
Batting: LHB Ray Spencer 0-0: Swinging Strike
0-1: Fielders Choice at 2nd, U4 (Groundball, 4M)
Top of the 5th over - 0 run(s), 1 hit(s), 0 error(s), 1 left on base; Kansas City 2 - Kalamazoo 0
BOTTOM OF THE 5TH
Kalamazoo Royale with Cheese batting - Pitching for Kansas City Kings : RHP Carlos Pacheco
Batting: RHB Jorge Márquez 0-0: Ball
1-0: Foul Ball, location: 2F
1-1: Fly out, F9 (Line Drive, 8RM)
Batting: LHB Bill McJannett 0-0: Ground out 4-3 (Groundball, 4M)
Batting: RHB Jonathan MacVey 0-0: Called Strike
0-1: Fly out, F9 (Line Drive, 89M)
Bottom of the 5th over - 0 run(s), 0 hit(s), 0 error(s), 0 left on base; Kansas City 2 - Kalamazoo 0
TOP OF THE 6TH
Kansas City Kings batting - Pitching for Kalamazoo Royale with Cheese : RHP José Salazar
Batting: RHB Toshimichi Kono 0-0: Fly out, F4 (Popup, 3F)
Batting: LHB Pablo Reyes 0-0: TRIPLE (Line Drive, 9LS)
Batting: RHB Chris Chandler 0-0: Intentional Walk
Batting: SHB Víctor Serrano 0-0: Ball
1-0: Ball
2-0: Ball
3-0: Base on Balls
Chris Chandler to second
Batting: LHB Ethan Marshall 0-0: Called Strike
0-1: Ball
1-1: SINGLE (Line Drive, 4D)
Pablo Reyes scores
Chris Chandler to third
Víctor Serrano to second
Batting: RHB Dave Parker 0-0: Called Strike
0-1: Ball
1-1: Ball
2-1: Grounds into fielders choice 1-2 (Groundball, 25)
Víctor Serrano to third
Ethan Marshall to second
Batting: RHB Matt Richards 0-0: Ball
1-0: Called Strike
1-1: Swinging Strike
1-2: Ball
2-2: Fly out, F4 (Popup, 3D)
Top of the 6th over - 1 run(s), 2 hit(s), 0 error(s), 3 left on base; Kansas City 3 - Kalamazoo 0
BOTTOM OF THE 6TH
Kalamazoo Royale with Cheese batting - Pitching for Kansas City Kings : RHP Carlos Pacheco
Batting: RHB Fernando Martínez 0-0: Swinging Strike
0-1: Ball
1-1: Called Strike
1-2: Foul Ball, location: 2F
1-2: Ball
2-2: Ground out 5-3 (Groundball, 5)
Batting: LHB Robinson Fernández 0-0: Called Strike
0-1: Swinging Strike
0-2: Ball
1-2: Strikes out swinging
Batting: LHB William Ruffo 0-0: Called Strike
0-1: Foul Ball, location: 2F
0-2: Ball
1-2: Foul Ball, location: 2F
1-2: Ball
2-2: Foul Ball, location: 2F
2-2: Ball
3-2: Ground out 2-3 (Groundball, 23)
Bottom of the 6th over - 0 run(s), 0 hit(s), 0 error(s), 0 left on base; Kansas City 3 - Kalamazoo 0
TOP OF THE 7TH
Kansas City Kings batting - Pitching for Kalamazoo Royale with Cheese : RHP José Salazar
Pitching: RHP Roberto Ledesma
Batting: LHB Brian Boone 0-0: Ground out 4-3 (Groundball, 4)
Batting: LHB Ray Spencer 0-0: Swinging Strike
0-1: SINGLE (Groundball, 4MD)
Batting: RHB Toshimichi Kono 0-0: Ball
1-0: SINGLE (Groundball, 34D)
Ray Spencer to second
Runner from 2nd tries for 3rd, SAFE, no throw or cutoff
Pitching: LHP Morgan McDormand
Batting: LHB Pablo Reyes Pickoff Throw to First - Error! E1
Ray Spencer scores
Toshimichi Kono to second
0-0: Ball
1-0: Foul Ball, location: 2F
1-1: Foul Ball, location: 2F
1-2: Strikes out looking
Pitching: RHP Rikiya Sakurai
Batting: RHB Chris Chandler 0-0: Foul Ball, location: 2F
0-1: Foul Ball, location: 2F
0-2: Strikes out swinging
Top of the 7th over - 1 run(s), 2 hit(s), 1 error(s), 1 left on base; Kansas City 4 - Kalamazoo 0
BOTTOM OF THE 7TH
Kalamazoo Royale with Cheese batting - Pitching for Kansas City Kings : RHP Carlos Pacheco
Batting: LHB Seung-woo Yi 0-0: Foul Ball, location: 2F
0-1: Ground out 1-3 (Groundball, 13S)
Batting: RHB Run-ming Zhu 0-0: Called Strike
0-1: Foul Ball, location: 2F
0-2: Ball
1-2: Ball
2-2: Ball
3-2: Fly out, F8 (Line Drive, 8LM)
Batting: LHB Roberto Sandoval 0-0: Ground out U3 (Groundball, 3S)
Bottom of the 7th over - 0 run(s), 0 hit(s), 0 error(s), 0 left on base; Kansas City 4 - Kalamazoo 0
TOP OF THE 8TH
Kansas City Kings batting - Pitching for Kalamazoo Royale with Cheese : RHP Rikiya Sakurai
Batting: SHB Víctor Serrano 0-0: Called Strike
0-1: Ground out 4-3 (Groundball, 34)
Batting: LHB Ethan Marshall 0-0: Called Strike
0-1: Ball
1-1: Swinging Strike
1-2: Ball
2-2: Strikes out swinging
Batting: RHB Dave Parker 0-0: Ball
1-0: Foul Ball, location: 2F
1-1: Ball
2-1: DOUBLE (Line Drive, 8LXD)
Batting: RHB Matt Richards 0-0: Ball
1-0: Foul Ball, location: 2F
1-1: Foul Ball, location: 2F
1-2: Foul Ball, location: 2F
1-2: Ground out 6-3 (Groundball, 6)
Top of the 8th over - 0 run(s), 1 hit(s), 0 error(s), 1 left on base; Kansas City 4 - Kalamazoo 0
BOTTOM OF THE 8TH
Kalamazoo Royale with Cheese batting - Pitching for Kansas City Kings : RHP Carlos Pacheco
Batting: RHB Jorge Márquez 0-0: Called Strike
0-1: Ball
1-1: SINGLE (Line Drive, 9LM)
Batting: LHB Bill McJannett 0-0: Called Strike
0-1: Ball
1-1: Ball
2-1: SINGLE (Line Drive, 9LS)
Jorge Márquez to second
Batting: RHB Jonathan MacVey 0-0: Ball
1-0: Swinging Strike
1-1: Ball
2-1: Swinging Strike
2-2: Strikes out looking
Batting: RHB Fernando Martínez 0-0: Fly out, F3 (Popup, 23F)
Batting: LHB Robinson Fernández 0-0: Called Strike
0-1: Foul Ball, location: 2F
0-2: Ball
1-2: Ball
2-2: Fly out, F7 (Flyball, 7LS)
Bottom of the 8th over - 0 run(s), 2 hit(s), 0 error(s), 2 left on base; Kansas City 4 - Kalamazoo 0
TOP OF THE 9TH
Kansas City Kings batting - Pitching for Kalamazoo Royale with Cheese : RHP Rikiya Sakurai
Batting: LHB Brian Boone 0-0: Ball
1-0: Foul Ball, location: 2F
1-1: Ball
2-1: Ball
3-1: Fly out, F8 (Line Drive, 8RXD)
Batting: LHB Ray Spencer 0-0: Swinging Strike
0-1: Called Strike
0-2: Foul Ball, location: 2F
0-2: Foul Ball, location: 2F
0-2: Foul Ball, location: 2F
0-2: Ball
1-2: Ball
2-2: Foul Ball, location: 2F
2-2: Strikes out looking
Batting: RHB Toshimichi Kono 0-0: Ground out 5-3 (Groundball, 56S)
Top of the 9th over - 0 run(s), 0 hit(s), 0 error(s), 0 left on base; Kansas City 4 - Kalamazoo 0
BOTTOM OF THE 9TH
Kalamazoo Royale with Cheese batting - Pitching for Kansas City Kings : RHP Carlos Pacheco
Pitching: RHP Alonso Jiménez
Batting: LHB William Ruffo 0-0: Ground out 1-3 (Groundball, 13)
Batting: LHB Seung-woo Yi 0-0: Called Strike
0-1: Ground out 6-3 (Groundball, 6)
Batting: RHB Run-ming Zhu 0-0: Ball
1-0: Foul Ball, location: 2F
1-1: Foul Ball, location: 2F
1-2: Ball
2-2: Ball
3-2: Foul Ball, location: 2F
3-2: Foul Ball, location: 2F
3-2: Reached on error, E5 (Groundball, 56S)
Batting: LHB Roberto Sandoval 0-0: Called Strike
0-1: Called Strike
0-2: Ball
1-2: Ball
2-2: Ball
3-2: Base on Balls
Run-ming Zhu to second
Batting: RHB Jorge Márquez 0-0: Called Strike
0-1: Fly out, F9 (Flyball, 89M)
Bottom of the 9th over - 0 run(s), 0 hit(s), 1 error(s), 2 left on base; Kansas City 4 - Kalamazoo 0
Monday, December 5th, 2016 - OOTP Baseball 17.12 Build 75